 Dungeon Crawl Stone Soup version 0.31.0-12-g77e489cdc1 (webtiles) character file.

Game seed: 15498598015721641767

226 Gadfly the Sneak (level 5, -4/25 HPs)
             Began as a Spriggan Enchanter on Feb 16, 2024.
             Killed from afar by Sigmund (9 damage)
             ... with a puff of flame
             ... on level 3 of the Dungeon.
             The game lasted 00:04:32 (2552 turns).

Gadfly the Sneak (Spriggan Enchanter)               Turns: 2552, Time: 00:04:33

Health: -4/25      AC:  2    Str:  4    XL:     5   Next: 69%
Magic:  1/11       EV: 18    Int: 17    God:
Gold:   127        SH:  0    Dex: 17    Spells: 3/11 levels left

rFire   . . .        a - +1 dagger (chaos)
rCold   . . .        (no shield)
rNeg    . . .        e - +0 robe
rPois   .            (helmet restricted)
rElec   .            (no cloak)
rCorr   .            (gloves unavailable)
SInv    +            (boots unavailable)
Will    .....        (no amulet)
Stlth   +++          (no ring)
HPRegen 0.24/turn    (no ring)
MPRegen 0.12/turn

%: no passive effects
@: very quick
A: very small, no large weapons, unfitting armour, see invisible, speed 3
a: no special abilities


You were on level 3 of the Dungeon.
You visited 1 branch of the dungeon, and saw 3 of its levels.

You collected 127 gold pieces.

Inventory:

Hand Weapons
 a - a +1 dagger of chaos (weapon)
 b - a +2 dagger of holy wrath
 g - a +2 whip of draining
Armour
 e - a +0 robe (worn)
Wands
 d - a wand of flame (30)
Scrolls
 f - 2 scrolls of noise
Potions
 c - 2 potions of invisibility
 h - a potion of haste {unknown}


   Skills:
 + Level 1.4 Fighting
 + Level 2.6 Short Blades
 + Level 3.6 Dodging
 + Level 5.6 Stealth
 + Level 3.6 Spellcasting
 + Level 4.3 Hexes
 + Level 2.8 Evocations


You had 3 spell levels left.
You knew the following spells:

 Your Spells              Type           Power      Damage    Failure   Level
a - Ensorcelled Hibernat  Hex/Ice        20%        N/A       11%         2
b - Confusing Touch       Hex            17%        N/A       9%          3
c - Tukima's Dance        Hex            17%        N/A       9%          3

Your spell library contained the following spells:

 Spells                   Type           Power      Damage    Failure   Level
 Jinxbite                 Hex            34%        N/A       4%          2
 Apportation              Tloc           6%         N/A       17%         1
 Dazzling Flash           Conj/Hex       20%        N/A       21%         3
 Alistair's Intoxication  Alch           2%         N/A       99%         5


Dungeon Overview and Level Annotations

Branches:
Dungeon (3/15)

Altars:
The Shining One

Annotations:
D:3 Sigmund


Innate Abilities, Weirdness & Mutations

You are very small and have problems with some larger weapons.
You are too small for most types of armour.
You have supernaturally acute eyesight. (SInv)
You cover ground extremely quickly. (Speed+++)


Message History

The frilled lizard is heavily wounded.
The jackal closely misses you. The frilled lizard misses you.
The jackal barely misses you.
You hit the frilled lizard.
The frilled lizard seems to slow down.
You freeze the frilled lizard.
You kill the frilled lizard!
Sigmund the Dreaded comes into view.
He is wielding a +2 scythe of distortion and carrying a wand of flame.
The jackal closely misses you.
You closely miss the jackal. The jackal bites you.
You hit the jackal. You burn the jackal.
The jackal is severely wounded.
The jackal bites you.
You barely miss the jackal.
The jackal is severely wounded.
The jackal closely misses you. Sigmund gestures at you while chanting.
The magic dart hits you!
You are too injured to fight recklessly!
You are too injured to fight recklessly!
The jackal misses you.
Things that are here:
a jackal corpse; a jackal corpse You barely miss the jackal.
Your punch misses the jackal.
The jackal is severely wounded.
The jackal closely misses you.
Your magical contamination has completely faded away.
You hit the jackal. You freeze the jackal.
You kill the jackal!
Sigmund resists with significant effort.
Sigmund misses you.
Sigmund resists with significant effort.
Sigmund resists with significant effort.
Sigmund barely misses you.
Sigmund zaps a wand.
The puff of flame misses you. Sigmund attacks as he pursues you!
Sigmund misses you.
Sigmund zaps a wand.
The puff of flame hits you!
* * * LOW HITPOINT WARNING * * *
Sigmund zaps a wand.
The puff of flame hits you!
You die...
Sigmund begins carving another notch in his scythe.

##.####.# #####....†..#
#......@..### #.###..##?#
#. #..##.#..h #.
#..."..... #.###.#####...
#......# #. ##..@$.# #.#
#.# #.#...# #.# #.#
#...#># #.# #.# ##.##.#
#.# #.# #.##.# #.# #.#
#######.##.#####.######.#
#.>..........†........#.#
#†#####..###.#..........#
#. #..# #.............


You could see Sigmund.

Vanquished Creatures
  An orc priest (D:3)
  A hound (D:3)
  Ijyb (D:3)
  Terence (D:2)
  Robin (D:2)
  4 adders
  A gnoll (D:1)
  A dart slug (D:3)
  A ribbon worm (D:2)
  5 orcs (D:3)
  An endoplasm (D:1)
  3 giant cockroaches (D:1)
  10 goblins
  4 hobgoblins
  4 jackals (D:3)
  A quokka (D:1)
  4 ball pythons
  8 bats
  4 frilled lizards
  A kobold (D:2)
  A rat (D:1)
58 creatures vanquished.

Notes
Turn   | Place    | Note
-------+----------+-------------------------------------------
     0 | D:1      | Gadfly the Spriggan Enchanter began the quest for the Orb.
     0 | D:1      | Reached XP level 1. HP: 9/9 MP: 5/5
    73 | D:1      | Reached XP level 2. HP: 12/13 MP: 6/6
   156 | D:1      | Reached skill level 1 in Evocations
   159 | D:1      | Learned a level 2 spell: Ensorcelled Hibernation
   753 | D:1      | Reached XP level 3. HP: 17/17 MP: 8/8
   794 | D:1      | Learned a level 3 spell: Confusing Touch
  1223 | D:2      | Noticed Terence
  1320 | D:2      | Killed Terence
  1321 | D:2      | Reached XP level 4. HP: 6/21 MP: 3/9
  1493 | D:2      | Reached skill level 5 in Stealth
  1522 | D:2      | Reached skill level 1 in Fighting
  1594 | D:2      | Noticed Robin
  1625 | D:2      | Found a glowing golden altar of the Shining One.
  1725 | D:2      | HP: 1/22 [Robin/+0 dagger (2)]
  2064 | D:2      | Killed Robin
  2171 | D:2      | Learned a level 3 spell: Tukima's Dance
  2197 | D:3      | Noticed Ijyb
  2207 | D:3      | Killed Ijyb
  2208 | D:3      | Reached XP level 5. HP: 25/25 MP: 4/11
  2534 | D:3      | Noticed Sigmund
  2552 | D:3      | Killed from afar by Sigmund

Illustrated notes

Levels and vault maps discovered:
D:1:      dpeg_arrival_pits, layout_loops_ring, chequers_serial_rivers_micro_d,
          minmay_misc_feat_square
D:2:      layout_basic, basic_altar, uniq_terence, uniq_robin
D:3:      layout_loops_ring, uniq_ijyb, uniq_sigmund, uniq_crazy_yiuf_cottage

Skill      XL: |  1  2  3  4 |
---------------+-------------+-----
Evocations     | 1 2 |  2.8
Dodging        | 3 |  3.6
Spellcasting   | 3 |  3.6
Short Blades   | 2 |  2.6
Hexes          | 4 |  4.3
Stealth        | 5 |  5.6
Fighting       | 1 |  1.4

Action                     |  1- 3 |  4- 6 || total
---------------------------+-------+-------++-------
  Melee: Dagger            |    80 |    81 ||   161
   Cast: Ensorcelled Hiber |    21 |    21 ||    42
         Confusing Touch   |     1 |     1 ||     2
    Use: Scroll            |     1 |     2 ||     3
         Potion            |       |     2 ||     2
   Stab: Sleeping          |    11 |    15 ||    26
         Confused          |       |     2 ||     2
         Distracted        |       |     1 ||     1
 Armour: Robe              |    27 |    42 ||    69
  Dodge: Dodged            |    75 |    75 ||   150
